 Dungeon Crawl Stone Soup version 0.29.1-15-g9cfb28693d (webtiles) character file.

Game seed: 10110676729671355412

151 H0rd4k the Charlatan (level 5, 0/36 HPs)
             Began as an Octopode Artificer on Mar 16, 2023.
             Succumbed to a water moccasin's poison
             ... in a sewer.
             The game lasted 00:01:45 (2769 turns).

H0rd4k the Charlatan (Octopode Artificer)           Turns: 2769, Time: 00:01:46

Health: 0/36       AC:  1    Str: 10 (12) XL:     5   Next: 33%
Magic:  8/8        EV: 13    Int: 14 (15) God:
Gold:   67         SH:  0    Dex: 11 (12) Spells: 9/9 levels left

rFire   . . .      SeeInvis .     - Unarmed
rCold   . . .      Faith    .   (no shield)
rNeg    . . .      Spirit   .   (helmet restricted)
rPois   .          Reflect  .   (no amulet)
rElec   .          Harm     .   (no ring)
rCorr   .          Rampage  .   (no ring)
Will    +....                   (no ring)
Stlth   +++.......              (no ring)
HPRegen 0.12/turn               (no ring)
MPRegen 0.11/turn               (no ring)
                                (no ring)
                                (no ring)

@: brilliant, lethally poisoned (0 -> -4), attractive, invisible
A: almost no armour, amphibious, 8 rings, camouflage 1, gelatinous body 1,
(nimble swimmer 1), tentacles, beak, strong-willed 1
a: no special abilities


You were in a sewer.
You visited 1 branch of the dungeon, and saw 3 of its levels.
You also visited: Sewer.

You collected 67 gold pieces.

Inventory:

Missiles
 l - a throwing net
 u - 5 poisoned darts (quivered)
Magical Staves
 w - a staff of earth
Jewellery
 s - a ring of positive energy
Wands
 b - a wand of flame (15)
 c - a wand of charming (13)
 d - a wand of iceblast (3)
Scrolls
 f - a scroll of enchant armour {unknown}
 j - a scroll of fear {unknown}
 k - 2 scrolls of identify {unknown}
 n - a scroll of enchant weapon {unknown}
 p - a scroll of noise {unknown}
 q - 2 scrolls of poison {unknown}
 r - a scroll of amnesia {unknown}
 t - a scroll of brand weapon {unknown}
 v - a scroll of acquirement {unknown}
 x - a scroll of teleportation {unknown}
Potions
 a - 2 potions of berserk rage
 h - a potion of mutation
 o - a potion of might {unknown}
 z - a potion of magic {unknown}


   Skills:
 * Level 2.9 Fighting
 - Level 2.3 Dodging
 - Level 1.3 Stealth
 + Level 2.2 Unarmed Combat
 * Level 2.5 Spellcasting
 - Level 3.2 Evocations


You had 9 spell levels left.
You didn't know any spells.
Your spell library contained the following spells:

 Spells                   Type           Power      Damage    Failure   Level
 Freeze                   Ice            8%         1d3       22%         1
 Frozen Ramparts          Ice            4%         1d1       56%         3
 Hailstorm                Conj/Ice       2%         3d3       92%         4


Dungeon Overview and Level Annotations

Branches:
Dungeon (3/15)              Sewer (1/1)

Altars:

Annotations:
D:2 Terence


Innate Abilities, Weirdness & Mutations

You cannot wear most types of armour.
You are amphibious.
You can wear up to eight rings at the same time.
Your skin changes colour to match your surroundings (Stealth+).
Your rubbery body absorbs attacks. (AC +1, EV +1)
((You are camouflaged when in or above water. (Stealth+)))
You have tentacles for arms and can constrict up to eight enemies at once.
You have a beak for a mouth.
You are strong-willed. (Will+)


Message History

Press: ? - help, Shift-Dir - straight line, f/p - water moccasin
Aim: a water moccasin (lightly wounded, constricted by you, chance to affect: 57%)
The water moccasin is charmed.
You release your grip on your water moccasin.
You feel very sick. What are your orders? t - Shout!
Orders for allies: a - Attack new target. p - Attack previous target. r - Retreat! s - Stop attacking. g - Guard the area. f - Follow me.
Anything else - Cancel.
Guard this area!
You feel very sick.
* * * LOW HITPOINT WARNING * * *
You feel very sick.
You see here a potion of berserk rage.
a - 2 potions of berserk rage (gained 1)
* * * LOW HITPOINT WARNING * * *
You feel very sick.
It was a potion of mutation.
You feel extremely strange.
Your mouth lengthens and hardens into a beak!
You feel strong-willed.
* * * LOW HITPOINT WARNING * * *
You feel sick.
It was a potion of degeneration.
There was something very wrong with that liquid.
You feel weakened.
You feel dopey.
You feel clumsy.
* * * LOW HITPOINT WARNING * * *
You feel sick.
It was a potion of attraction.
You feel attractive to monsters.
* * * LOW HITPOINT WARNING * * *
You feel sick.
It was a potion of brilliance.
You feel clever all of a sudden.
* * * LOW HITPOINT WARNING * * *
You feel sick.
It was a potion of invisibility.
You fade into invisibility!
You die...

##$[?$$##
#..$)$..#
#.......#
#.......#
#.......#
#.......# #.....#
#S# ####### #@#
##†....## #.#
##...≈...#
#.#######...≈†≈...
#..........≈≈††≈.∩
#.#######...≈≈≈...
#.# ##...≈...# #.#
##.....## #.#
####### #.#


You could see a friendly water moccasin (charmed, wandering).

Vanquished Creatures
  Natasha (thrice) (D:2)
  An adder (D:2)
  4 worms
  3 dart slugs
  8 bats
  2 endoplasms (D:1)
  2 giant cockroaches
  5 hobgoblins
  8 jackals
  3 kobolds
  4 quokkas (D:1)
  A goblin (D:1)
  4 rats
48 creatures vanquished.

Notes
Turn   | Place    | Note
-------+----------+-------------------------------------------
     0 | D:1      | H0rd4k the Octopode Artificer began the quest for the Orb.
     0 | D:1      | Reached XP level 1. HP: 13/13 MP: 1/1
   420 | D:1      | Reached XP level 2. HP: 17/18 MP: 3/3
   427 | D:1      | Reached skill level 1 in Spellcasting
   963 | D:1      | Reached XP level 3. HP: 16/24 MP: 4/4
   966 | D:1      | Reached skill level 1 in Unarmed Combat
  1939 | D:2      | Noticed Natasha
  1943 | D:2      | Killed Natasha
  1944 | D:2      | Reached XP level 4. HP: 14/29 MP: 6/6
  2232 | D:2      | Noticed Natasha
  2239 | D:2      | Killed Natasha
  2252 | D:2      | Noticed Natasha
  2255 | D:2      | Killed Natasha
  2256 | D:2      | Reached XP level 5. HP: 20/36 MP: 8/8
  2654 | D:2      | Noticed Terence
  2703 | D:3      | Found a glowing drain.
  2725 | Sewer    | Entered a sewer
  2755 | Sewer    | Noticed a water moccasin
  2765 | Sewer    | Gained mutation: You have a beak for a mouth. [potion of
                  | mutation]
  2765 | Sewer    | Gained mutation: You are strong-willed. (Will+) [potion of
                  | mutation]
  2767 | Sewer    | HP: 1/36 [poisoned by a water moccasin]
  2769 | Sewer    | Succumbed to a water moccasin's poison

Illustrated notes

Levels and vault maps discovered:
D:1:      ebering_trefoil_3fold, layout_basic
D:2:      layout_rooms, uniq_natasha, uniq_terence
D:3:      layout_basic, mainiacjoe_overflow_boulevard,
          nicolae_overflow_crystal_walls, shapermc_ecumenical_altar_ellora,
          cheibrodos_sewer_entry_bend, uniq_sigmund
Sewer:    sewer_big_baddie

Skill      XL: |  1  2  3  4 |
---------------+-------------+-----
Spellcasting   | 1 2 |  2.5
Unarmed Combat | 2 |  2.2
Fighting       | 2 |  2.9
Dodging        | |  2.3
Stealth        | |  1.3
Evocations     | |  3.2

Action                   |  1- 3 |  4- 6 || total
-------------------------+-------+-------++-------
Melee: Unarmed           |   106 |    31 ||   137
       Constrict         |    30 |    11 ||    41
       Tentacles         |    23 |    13 ||    36
       Punch             |     3 |     2 ||     5
Throw: Dart              |       |     2 ||     2
Evoke: Wand              |     1 |     3 ||     4
  Use: Potion            |       |     5 ||     5
 Stab: Sleeping          |     7 |     2 ||     9
Armor: Skin              |    10 |     3 ||    13
Dodge: Dodged            |    70 |    15 ||    85
